 Dungeon Crawl Stone Soup version 0.29.1-13-g9f3cf754e1 (webtiles) character file.

Game seed: 18184176322780234562

10668 Ee the Slicer (level 11, 73/83 HPs)
             Began as a Demonspawn Wanderer on Jan 19, 2023.
             Was an Elder of Wu Jian.
             Quit the game on level 2 of the Lair of Beasts on Feb 9, 2023.
             The game lasted 01:41:37 (12004 turns).

Ee the Slicer (Demonspawn Wanderer)                Turns: 12004, Time: 01:41:38

Health: 73/83      AC: 13    Str: 16    XL:     11   Next: 39%
Magic:  11/11      EV: 31    Int: 11    God:    Wu Jian [****..]
Gold:   602        SH:  9    Dex: 22    Spells: 10/10 levels left

rFire   + . .      SeeInvis .   u - +0 rapier (drain)
rCold   . . .      Faith    .   b - +2 buckler
rNeg    . . .      Spirit   .   I - +2 robe {Will+}
rPois   .          Reflect  .   J - +0 helmet
rElec   .          Harm     .   y - +0 cloak {Stlth+}
rCorr   .          Rampage  .   f - +2 pair of gloves
Will    +....                   e - +0 pair of boots
Stlth   +++++.....              q - amulet of the acrobat
HPRegen 0.23/turn               F - +6 ring of dexterity
MPRegen 0.12/turn               w - ring of protection from fire

@: acrobatic
A: yellow scales 1, ignite blood 2, weakness stinger 2, inability to read after
injury 1
a: Renounce Religion, Wall Jump, Serpent's Lash


You were on level 2 of the Lair of Beasts.
You worshipped Wu Jian.
Wu Jian was greatly pleased with you.
You visited 3 branches of the dungeon, and saw 13 of its levels.
You also visited: Sewer and Bailey.

You collected 694 gold pieces.
You spent 92 gold pieces at shops.

Inventory:

Hand Weapons
 a - a +4 dagger
 u - a +0 rapier of draining (weapon)
 E - a +2 short sword of freezing
 N - a +3 short sword
Missiles
 r - 5 boomerangs (quivered)
Armour
 b - a +2 buckler (worn)
 c - a +0 ring mail
 e - a +0 pair of boots (worn)
 f - a +2 pair of gloves (worn)
 y - a +0 cloak of stealth (worn)
 I - a +2 robe of willpower (worn)
 J - a +0 helmet (worn)
Jewellery
 d - a ring of resist corrosion
 q - an amulet of the acrobat (around neck)
 w - a ring of protection from fire (right hand)
 F - a +6 ring of dexterity (left hand)
 M - a ring of protection from cold
Wands
 P - a wand of digging (7)
Scrolls
 i - 2 scrolls of blinking {unknown}
 k - 2 scrolls of magic mapping
 l - 2 scrolls of amnesia {unknown}
 o - a scroll of torment {unknown}
 s - a scroll of poison {unknown}
 t - 8 scrolls of teleportation
 D - a scroll of butterflies {unknown}
 G - 2 scrolls of enchant armour
 H - a scroll of vulnerability {unknown}
 K - a scroll of immolation {unknown}
 L - 2 scrolls of fear {unknown}
 O - 2 scrolls of identify
Potions
 g - 3 potions of curing
 h - 3 potions of berserk rage
 j - 2 potions of invisibility
 m - a potion of haste {unknown}
 n - a potion of lignification {unknown}
 p - 2 potions of attraction
 v - a potion of might
 x - 3 potions of magic {unknown}
 z - 3 potions of flight
 A - 2 potions of ambrosia {unknown}
 B - 2 potions of brilliance {unknown}
 C - 2 potions of heal wounds {unknown}


   Skills:
 + Level 6.9 Fighting
 * Level 9.0 Short Blades
 - Level 1.0 Throwing
 + Level 6.3 Armour
 + Level 6.0 Dodging
 + Level 6.7 Stealth
 + Level 7.5 Shields
 - Level 1.0 Evocations


You had 10 spell levels left.
You didn't know any spells.
Your spell library contained the following spells:

 Spells                   Type           Power      Damage    Failure   Level
 Beastly Appendage        Tmut           0%         N/A       41%         1
 Foxfire                  Conj/Fire      0%         2x1d4     41%         1
 Blink                    Tloc           0%         N/A       54%         2
 Static Discharge         Conj/Air       0%         3-3/arc   54%         2
 Wereblood                Tmut           0%         N/A       54%         2
 Conjure Flame            Conj/Fire      0%         6-21      78%         3
 Inner Flame              Hex/Fire       0%         N/A       78%         3
 Ozocubu's Armour         Ice            0%         N/A       78%         3
 Spider Form              Tmut/Pois      0%         N/A       78%         3
 Dispel Undead            Necr           0%         3d6       99%         4
 Flame Wave               Conj/Fire      0%         2d4       99%         4
 Sticky Flame             Conj/Fire      0%         2d3       99%         4
 Manifold Assault         Tloc           0%         N/A       100%        5
 Metabolic Englaciation   Hex/Ice        0%         N/A       100%        5
 Simulacrum               Ice/Necr       0%         N/A       100%        6
 Storm Form               Tmut/Air       0%         N/A       100%        7
 Borgnjor's Revivificati  Necr           0%         N/A       100%        8
 Necromutation            Tmut/Necr      0%         N/A       100%        8
 Death's Door             Necr           0%         N/A       100%        9


Dungeon Overview and Level Annotations

Branches:
Dungeon (10/15)            Temple (1/1) D:4            Lair (2/5) D:8
  Sewer (visited)          Bailey (visited)
  Swamp: Lair:2-3    Shoals: Lair:2-3     Snake: Lair:2-3    Spider: Lair:2-3
    Orc: D:9-12

Altars:
Ashenzari
Cheibriados
Dithmenos
Fedhas
Gozag
Hepliaklqana
Kikubaaqudgha
Nemelex Xobeh
Okawaru
Qazlal
Ru
Sif Muna
Trog
Uskayaw
Vehumet
Wu Jian
Xom
Yredelemnul

Shops:
D:8 :   D:9 (

Annotations:
D:4 Robin
D:6 3 runed translucent doors, 1 exclusion, Edmund; mkat's ghost, novice DrAE
D:9 1 exclusion
D:10 1 exclusion
Lair:2 Harold


Innate Abilities, Weirdness & Mutations

You are partially covered in yellow scales. (AC +2)
Your demonic aura often causes spilled blood to erupt in flames.
You have a tail ending in a sharp stinger.
You occasionally lose the ability to read scrolls when taking damage.


Message History

You puncture the basilisk!
You kill the basilisk!
The Council accepts your kill.
You see here a +0 robe.
Urug the Orcish Ballista comes into view.
She is wielding a +2 great mace.
Found a potion of curing.
Urug shouts!
Your muscles tense, ready for explosive movement...
You lunge with incredible momentum at Urug, in a flurry of attacks.
You puncture Urug! You drain Urug. You tail-slap Urug, but do no damage.
Urug is moderately wounded.
You puncture Urug! You tail-slap Urug, but do no damage.
Urug is heavily wounded.
You spin and attack Urug, with incredible momentum.
You hit Urug. You drain Urug.
Urug is heavily wounded.
Your supernatural speed expires.
Urug is engulfed in blazing flames.
Aiming: Wall Jump
Press: ? - help, Dir - move target You repeatedly attack Urug from above.
You hit Urug. You drain Urug.
Urug is severely wounded.
You hit Urug but do no damage.
Urug is severely wounded.
Urug hits you with a +2 great mace! x2
You puncture Urug! You tail-slap Urug!
Urug is almost dead.
You spin and attack Urug.
You hit Urug.
You kill Urug!
The Council accepts your kill.
Your Short Blades skill increases to level 9!
g - 3 potions of curing (gained 1)
You feel less exhausted.
Saving game... please wait.
Level annotation: Harold Welcome back, Ee the Demonspawn Wanderer.
The Council says: Follow the path of wisdom and battle!
Press ? for a list of commands and other information.
You don't know any spells.
Are you sure you want to abandon this character and quit the game? (Confirm with "yes".)

. ##..# ##
#####..####..##......
....................#
.......[............#
....##....^.........
..###...##P####....#
..###...#######....#
...###...# #......#
...# #..#######.@..##
..####..P##.P##.....#
....................#
####...#.#..#########
##########


There were no monsters in sight!

Vanquished Creatures
  A centaur warrior (D:9)
  Urug (Lair:2)
  Pikel (D:7)
  3 komodo dragons
  Sigmund (D:4)
  A wraith (D:8)
  A shadow (D:9)
  5 yaks (Lair:1)
  A wyvern (Lair:1)
  2 basilisks
  A steam dragon (D:8)
  8 water moccasins
  A black bear (D:8)
  A sky beast (D:7)
  8 orc warriors
  2 ice beasts (D:6)
  3 ogres
  9 wolves (Lair:1)
  3 centaurs
  3 phantoms
  Blork the orc (D:4)
  4 kobold brigands
  8 bullfrogs
  A gnoll sergeant (D:9)
  6 scorpions
  11 wights
  6 howler monkeys (D:9)
  2 hounds
  5 orc priests
  2 gnoll boudas
  Crazy Yiuf (D:4)
  7 iguanas
  6 orc wizards
  13 gnolls
  5 river rats
  2 adders
  A white imp (D:6)
  An ufetubus (D:7)
  2 worms
  2 dart slugs
  34 orcs
  5 bats
  5 endoplasms
  2 giant cockroaches
  14 goblins
  3 hobgoblins
  7 jackals
  22 kobolds
  A quokka (D:4)
  7 ball pythons
  6 frilled lizards
  12 rats
  A butterfly (Lair:1)
261 creatures vanquished.

Vanquished Creatures (others)
  Psyche (D:8)
  2 fungi
  30 plants
33 creatures vanquished.

Grand Total: 294 creatures vanquished

Notes
Turn   | Place    | Note
-------+----------+-------------------------------------------
     0 | D:1      | Ee the Demonspawn Wanderer began the quest for the Orb.
     0 | D:1      | Ee set off with the following items: a +0 short sword, a +2
                  | buckler, a +0 ring mail, a scroll of teleportation.
     0 | D:1      | Reached XP level 1. HP: 15/15 MP: 1/1
   367 | D:1      | Gained mutation: You have a small tail. [demonic ancestry]
   367 | D:1      | Reached XP level 2. HP: 21/21 MP: 2/2
   770 | D:1      | Reached skill level 2 in Short Blades
   918 | D:2      | Reached XP level 3. HP: 25/26 MP: 3/3
  1807 | D:2      | Reached skill level 1 in Stealth
  2027 | D:3      | Gained mutation: Your demonic aura sometimes causes spilled
                  | blood to erupt in flames. [demonic ancestry]
  2027 | D:3      | Reached XP level 4. HP: 28/32 MP: 4/4
  2770 | D:4      | Noticed a phantom
  2770 | D:4      | Noticed a scorpion
  2828 | D:4      | Noticed Blork the orc
  2842 | D:4      | Killed Blork the orc
  2843 | D:4      | Reached skill level 1 in Dodging
  2843 | D:4      | Gained mutation: You are partially covered in yellow
                  | scales. (AC +2) [demonic ancestry]
  2843 | D:4      | Reached XP level 5. HP: 23/38 MP: 5/5
  2921 | D:4      | Killed a phantom
  2922 | D:4      | Reached skill level 3 in Short Blades
  3083 | D:4      | Noticed Sigmund
  3084 | D:4      | Noticed a phantom
  3135 | D:4      | Killed Sigmund
  3136 | D:4      | Gained mutation: Your demonic aura often causes spilled
                  | blood to erupt in flames. [demonic ancestry]
  3136 | D:4      | Reached XP level 6. HP: 36/46 MP: 6/6
  3194 | D:4      | Noticed a yak
  3330 | D:4      | Found a glowing drain.
  3337 | Sewer    | Entered a sewer
  3411 | Sewer    | Reached XP level 7. HP: 20/51 MP: 7/7
  3742 | D:4      | Noticed Robin
  3758 | D:4      | Reached skill level 4 in Short Blades
  3842 | D:5      | Entered Level 5 of the Dungeon
  4237 | D:4      | Found a shadowy altar of Dithmenos.
  4265 | D:4      | Found a staircase to the Ecumenical Temple.
  4294 | D:4      | Reached skill level 5 in Shields
  4299 | Temple   | Entered the Ecumenical Temple
  4521 | Temple   | Became a worshipper of the Wu Jian Council
  4613 | D:4      | Reached XP level 8. HP: 58/58 MP: 8/8
  4782 | D:4      | Found a runed translucent door.
  4783 | D:4      | Noticed Crazy Yiuf
  4793 | D:4      | Killed Crazy Yiuf
  4880 | D:5      | Found an ancient bone altar of Kikubaaqudgha.
  5041 | D:6      | Reached skill level 5 in Short Blades
  5088 | D:6      | Noticed Edmund
  5411 | D:6      | Found a broken altar of Ashenzari.
  5496 | D:6      | Reached * piety under Wu Jian
  5661 | D:6      | Found a runed translucent gate.
  5662 | D:6      | Found a runed translucent gate.
  5675 | D:6      | Found a runed translucent gate.
  5678 | D:6      | Noticed mkat's ghost (novice DrAE)
  6018 | D:7      | Reached XP level 9. HP: 52/66 MP: 9/9
  6079 | D:7      | Reached skill level 6 in Short Blades
  6131 | D:7      | Found a flagged portal.
  6136 | Bailey   | Entered a bailey
  6250 | Bailey   | HP: 1/66 [orc warrior/+0 broad axe (7)]
  6734 | D:7      | Reached ** piety under Wu Jian
  6978 | D:7      | Noticed Pikel
  6981 | D:7      | Reached skill level 5 in Fighting
  7439 | D:7      | Killed Pikel
  7440 | D:7      | Reached skill level 7 in Short Blades
  7440 | D:7      | Reached skill level 5 in Stealth
  7823 | D:8      | Found a staircase to the Lair.
  8101 | D:8      | Reached XP level 10. HP: 74/74 MP: 10/10
  8293 | D:8      | Found Rauste Natitz's Self-Improvement Boutique.
  8293 | D:8      | Noticed a cyan ugly thing
  8355 | D:7      | Gained mutation: You occasionally shout uncontrollably at
                  | your foes. [potion of mutation]
  8355 | D:7      | Gained mutation: Your flesh is heat resistant. (rF+)
                  | [potion of mutation]
  8356 | D:7      | Lost mutation: You occasionally shout uncontrollably at
                  | your foes. [potion of mutation]
  8356 | D:7      | Lost mutation: Your flesh is heat resistant. (rF+) [potion
                  | of mutation]
  8356 | D:7      | Gained mutation: You occasionally lose the ability to read
                  | scrolls when taking damage. [potion of mutation]
  8402 | D:8      | Noticed Psyche
  8409 | D:8      | Killed Psyche
  8410 | D:8      | Reached skill level 5 in Armour
  9260 | D:9      | Noticed a two-headed ogre
  9437 | D:9      | Reached skill level 5 in Dodging
  9590 | D:9      | Noticed a centaur warrior
  9590 | D:9      | Found Heurues's Weapon Shop.
  9611 | D:9      | Reached *** piety under Wu Jian
  9614 | D:9      | Killed a centaur warrior
  9620 | D:9      | Bought a +0 rapier of draining for 92 gold pieces
  9795 | D:9      | Found a sacrificial altar of Ru.
  9879 | D:9      | Reached skill level 8 in Short Blades
 10170 | D:10     | Entered Level 10 of the Dungeon
 10593 | D:10     | Found a basalt altar of Yredelemnul.
 11026 | Lair:1   | Entered Level 1 of the Lair of Beasts
 11138 | Lair:1   | Gained mutation: You have a tail ending in a sharp stinger.
                  | [demonic ancestry]
 11138 | Lair:1   | Reached XP level 11. HP: 81/83 MP: 11/11
 11279 | Lair:1   | Reached **** piety under Wu Jian
 11632 | Lair:2   | Noticed Harold
 11960 | Lair:2   | Noticed Urug
 11969 | Lair:2   | Killed Urug
 11970 | Lair:2   | Reached skill level 9 in Short Blades
 12004 | Lair:2   | Quit the game

Illustrated notes

Levels and vault maps discovered:
D:1:      dpeg_arrival_tiny_k, layout_loops_corners
D:2:      minmay_recursive_quarters, layout_basic
D:3:      layout_basic, minivault_19, chequers_arboretum,
          kennysheep_generic_room_14
D:4:      layout_cave_pods, grunt_dithmenos_smoke,
          minmay_temple_entry_purple_smoke, portal_sewer_entry_e,
          lightli_corner_chamber, uniq_sigmund, uniq_blork_the_orc, uniq_robin,
          uniq_crazy_yiuf_cottage
D:5:      layout_rooms, mainiacjoe_overflow_small_starburst,
          kennysheep_nondescript
D:6:      layout_loops_cross, nicolae_ashenzari_skybound,
          gammafunk_ghost_necromancy, minivault_10, uniq_edmund
D:7:      layout_basic, enter_bailey_3, uniq_pikel
D:8:      layout_loops_corners, lair_entry_dummy, nicolae_shop_self_help,
          uniq_psyche
D:9:      minmay_general_purpose_star, layout_cave_pods,
          mainiacjoe_overflow_concentric_impassable,
          mainiacjoe_overflow_tiny_flanked, david_orc_5, serial_shops,
          nicolae_stop_n_shop_1, minmay_lizard_king, uniq_grum
D:10:     layout_stronghold, amcnicky_altar_gilded
Temple:   minmay_temple_bridge_d
Lair:1:   layout_chaotic_city, beast_lair_carwin_10, lemuel_fruit_fields,
          serial_bayou_shore_a
Lair:2:   layout_small_grid, minmay_lair_oklob_items,
          infiniplex_staircase_pool_2, uniq_harold, uniq_urug, uniq_gastronok

Skill      XL: |  1  2  3  4  5  6  7  8  9 10 11 |
---------------+----------------------------------+-----
Short Blades   | 2 3 4 5 7 8 9 |  9.0
Shields        | 4 5 6 7 |  7.5
Stealth        | 1 2 3 4 5 6 |  6.7
Fighting       | 2 3 4 5 6 |  6.9
Dodging        | 1 2 3 4 5 6 |  6.0
Armour         | 2 3 4 5 6 |  6.3
Throwing       | |  1.0
Evocations     | |  1.0

Action                   |  1- 3 |  4- 6 |  7- 9 | 10-12 || total
-------------------------+-------+-------+-------+-------++-------
Melee: Short sword       |   157 |       |    10 |    38 ||   205
       Tailslap          |    16 |    12 |    86 |    79 ||   193
       Dagger            |    25 |   137 |   480 |   265 ||   907
       Rapier            |       |       |       |   136 ||   136
Throw: Stone             |       |       |     2 |       ||     2
       Boomerang         |       |       |     3 |     2 ||     5
Invok: Lunge             |       |       |    52 |    44 ||    96
       Whirlwind         |       |       |    57 |    79 ||   136
       Serpent's Lash    |       |       |       |     3 ||     3
 Abil: Wall Jump         |       |       |     7 |    56 ||    63
  Use: Potion            |       |       |     3 |     2 ||     5
       Scroll            |       |       |     5 |     4 ||     9
 Stab: Sleeping          |       |     3 |     7 |    16 ||    26
       Distracted        |       |       |     1 |     2 ||     3
Armor: Ring mail         |    51 |    14 |    73 |    11 ||   149
       Robe              |       |       |       |    53 ||    53
Dodge: Dodged            |    57 |    51 |   140 |   145 ||   393
Block: Buckler           |    40 |    40 |   114 |   103 ||   297
